 Dungeon Crawl Stone Soup version 0.18.1-8-gdd0e5ea (webtiles) character file.

291 Gargoyl the Skirmisher (level 6, 0/48 HPs)
             Began as a Demonspawn Abyssal Knight on June 9, 2016.
             Was a Believer of Lugonu.
             Slain by Pikel
             ... wielding a +0 whip of electrocution
              (14 damage)
             ... on level 4 of the Dungeon.
             The game lasted 00:08:25 (3494 turns).

Gargoyl the Skirmisher (Demonspawn Abyssal Knight)  Turns: 3494, Time: 00:08:26

Health: 0/48       AC: 12    Str: 14 (15) XL:     6   Next: 10%
Magic:  8/8        EV: 10    Int: 12 (13) God:    Lugonu [**....]
Gold:   173        SH:  0    Dex:  9 (11) Spells: 0 memorised, 5 levels left

rFire  . . .     SeeInvis .     h - +1 hand axe (venom)
rCold  . . .     Gourm    .     w - +0 scale mail
rNeg   . . .     Faith    .     (no shield)
rPois  .         Spirit   .     (no helmet)
rElec  .         Dismiss  .     (no cloak)
rCorr  .         Reflect  .     (no gloves)
SustAt .         Harm     .     q - +0 pair of boots
MR     .....                    (no amulet)
Stlth  ..........               (no ring)
                                (no ring)

@: flying, not resistant to hostile enchantments, extremely unstealthy
A: claws 2, rough black scales 1, demonic guardian 1, regeneration 1
a: Depart the Abyss, Bend Space, Renounce Religion


You were on level 4 of the Dungeon.
You worshipped Lugonu.
Lugonu was pleased with you.
You were hungry.

You visited 1 branch of the dungeon, and saw 4 of its levels.
You visited the Abyss 1 time.

You collected 173 gold pieces.

Inventory:

Hand Weapons
 h - a +1 hand axe of venom (weapon)
 t - a +0 war axe
Missiles
 s - 6 javelins of penetration (quivered)
Armour
 q - a +0 pair of boots (worn)
 w - a +0 scale mail (worn)
Wands
 d - a wand of polymorph (10/24)
Scrolls
 a - 2 scrolls of immolation {unknown}
 e - 5 scrolls of remove curse {unknown}
 j - a scroll of blinking {unknown}
 m - a scroll of enchant armour {unknown}
 n - a scroll of recharging {unknown}
 r - 2 scrolls of teleportation {unknown}
 u - 4 scrolls of identify {unknown}
Potions
 v - a potion of cancellation {unknown}
Comestibles
 b - 4 chunks of flesh
 c - 4 bread rations
 f - 3 beef jerkies
 g - a slice of pizza
 i - 5 fruits
 p - a meat ration


   Skills:
 + Level 4.1 Fighting
 + Level 2.7 Axes
 * Level 3.2 Armour
 + Level 3.1 Dodging
 + Level 0.4 Stealth
 + Level 2.9 Invocations


You had 5 spell levels left.
You didn't know any spells.

Dungeon Overview and Level Annotations

Branches:
Dungeon (4/15)
 Temple: D:4-7

Altars:
Fedhas

Annotations:
D:4 Pikel


Innate Abilities, Weirdness & Mutations

You have very sharp fingernails.
You are partially covered in rough black scales (AC +4, Dex -1).
A weak demonic guardian rushes to your aid.
Your natural rate of healing is unusually fast.


Message History

You closely miss Pikel.
Pikel is severely wounded.
Pikel hits you but does no damage.
You hit Pikel but do no damage.
Pikel is poisoned.
Pikel is severely wounded.
The slave closely misses your iron imp.
Pikel checks his coin pouch and frowns.
Pikel hits you with a whip of electrocution!
Your iron imp barely misses Pikel.
Your iron imp closely misses Pikel.
Pikel hits you with a whip of electrocution.
* * * LOW HITPOINT WARNING * * *
Drink which item? (? for menu, Esc to quit)
It was a potion of degeneration.
There was something very wrong with that liquid.
You feel weakened.
You feel dopey.
You feel clumsy. The slave hits your iron imp!
Your iron imp closely misses the slave.
The slave hits you but does no damage. Pikel hits you but does no damage.
You are electrocuted!
You die...

.### ##..# ...# ##.#
..†#########.#######
...................#
....<...###........#
.######..###.......#
..# ##...........#
..# #####.......#
..# #....@..# .##
#....Kp.# #...[5..#
######p##
###############p#
....p...p.ppK>.p#
#################


You could see Pikel, 4 slaves and a friendly iron imp.

Vanquished Creatures
  Natasha (thrice) (D:2)
  2 orc wizards (D:3)
  4 adders
  3 gnolls (D:2)
  An ooze (D:2)
  4 worms
  A dart slug (D:4)
  2 giant geckos
  10 orcs
  3 giant cockroaches
  8 goblins
  7 hobgoblins
  2 jackals (D:2)
  2 quokkas (D:2)
  11 bats
  4 giant newts
  6 kobolds
  4 rats
77 creatures vanquished.

Notes
Turn   | Place    | Note
--------------------------------------------------------------
     0 | Abyss:1  | Gargoyl the Demonspawn Abyssal Knight began the quest for the Orb.
     0 | Abyss:1  | Reached XP level 1. HP: 18/18 MP: 2/2
    29 | Abyss:2  | Found a corrupted altar of Lugonu.
    84 | Abyss:4  | Noticed a raiju
    85 | Abyss:4  | Noticed a tentacled starspawn
    87 | Abyss:4  | Noticed a raiju
    87 | D:1      | Escaped the Abyss
   455 | D:1      | Gained mutation: You have sharp fingernails. [demonic ancestry]
   455 | D:1      | Reached XP level 2. HP: 17/24 MP: 4/4
   606 | D:1      | Reached skill level 1 in Dodging
  1022 | D:2      | Reached * piety under Lugonu
  1316 | D:2      | Reached XP level 3. HP: 28/29 MP: 5/5
  1535 | D:2      | Noticed Natasha
  1538 | D:2      | Killed Natasha
  1576 | D:2      | Gained mutation: You are partially covered in rough black scales (AC +4, Dex -1). [demonic ancestry]
  1576 | D:2      | Reached XP level 4. HP: 33/35 MP: 6/6
  1588 | D:2      | Noticed Natasha
  1598 | D:2      | Killed Natasha
  1679 | D:2      | Noticed Natasha
  1684 | D:2      | Killed Natasha
  1982 | D:2      | Gained mutation: A weak demonic guardian rushes to your aid. [demonic ancestry]
  1982 | D:2      | Reached XP level 5. HP: 42/42 MP: 7/7
  2123 | D:2      | Reached ** piety under Lugonu
  2808 | D:3      | Reached skill level 4 in Fighting
  3224 | D:3      | Gained mutation: You have very sharp fingernails. [demonic ancestry]
  3224 | D:3      | Reached XP level 6. HP: 46/48 MP: 8/8
  3278 | D:4      | Found a blossoming altar of Fedhas.
  3446 | D:4      | Noticed a slave
  3447 | D:4      | Noticed a slave
  3448 | D:4      | Noticed Pikel
  3449 | D:4      | Noticed a slave
  3456 | D:4      | Noticed a slave
  3490 | D:4      | Gained mutation: Your natural rate of healing is unusually fast. [potion of beneficial mutation]
  3494 | D:4      | Slain by Pikel

Skill      XL: |  1  2  3  4  5 |
---------------+----------------+-----
Armour         | 2 3 |  3.2
Dodging        | 1 2 3 |  3.1
Axes           | 2 |  2.7
Fighting       | 4 |  4.1
Stealth        | |  0.4
Invocations    | |  2.9

Action                   |  1- 3 |  4- 6 || total
-------------------------+-------+-------++-------
Melee: Hand axe          |    79 |   137 ||   216
Invok: Depart the Abyss  |     1 |       ||     1
  Use: Potion            |       |     3 ||     3
  Eat: Chunk             |     2 |     6 ||     8
Armor: Leather armour    |    25 |    31 ||    56
       Ring mail         |       |    18 ||    18
       Scale mail        |       |    11 ||    11
Dodge: Dodged            |    54 |    86 ||   140
